 Dungeon Crawl Stone Soup version 0.30-a0-1074-g5db6f66fbb (webtiles) character file.

Game seed: 16216291762635354858

358902 cforsyth the Spry (level 22, 0/252 (253) HPs)
             Began as an Octopode Summoner on Apr 13, 2023.
             Was an Initiate of Gozag.
             Killed from afar by an ancient lich (36 damage)
             ... with a bolt of acid
             ... on level 5 of the Vaults.
             The game lasted 03:55:27 (95060 turns).

cforsyth the Spry (Octopode Summoner)              Turns: 95060, Time: 03:55:28

HP:   0/252 (253)   AC: 24    Str: 18    XL:     22   Next: 73%
MP:   8/40          EV: 16    Int: 35    God:    Gozag
Gold: 1877          SH:  5    Dex: 15    Spells: 6/49 levels left

rFire   + + +      SeeInvis .    H - melded +0 dagger "Orb Guardian's Curse" {pain, rF+ Will+ Int-3 SInv}
rCold   + . .      Faith    .    (shield currently unavailable)
rNeg    + . .      Spirit   .    N - melded +2 hat
rPois   +          Reflect  +    I - amulet of reflection
rElec   +          Rampage  .    R - ring of positive energy
rCorr   +                        D - +6 ring of intelligence
Will    +....                    c - +4 ring of protection
Stlth   ++                       O - +4 ring of protection
HPRegen 0.62/turn                Q - ring of protection from cold
MPRegen 0.27/turn                S - ring of protection from cold
                                 m - ring of the Cockroach {rElec rF+ rCorr}
                                 C - +6 ring of intelligence

@: dragon-form, marked, forested, gold aura, flying, lightly drained
A: dragon claw, dragon scales, breathe fire, flying, boosted hp, almost no
armour, amphibious, 8 rings, giant, (camouflage 1), (gelatinous body 1), (nimble
swimmer 1), (tentacles), deterioration 1, dopey 1
}: 1/15 runes: decaying
a: Breathe Fire, End Transformation, Renounce Religion, Potion Petition, Call
Merchant, Bribe Branch


You were on level 5 of the Vaults.
You worshipped Gozag.
Gozag was most pleased with you.
You were a fearsome dragon!
You visited 8 branches of the dungeon, and saw 39 of its levels.
You visited the Abyss 1 time.
You visited 1 bazaar.
You also visited: Bailey, Volcano and Wizlab.

You collected 17086 gold pieces.
You spent 3067 gold pieces at shops.
You paid 12142 gold pieces to Gozag.

Inventory:

Hand Weapons
 H - the +0 dagger "Orb Guardian's Curse" (melded) {pain, rF+ Will+ Int-3 SInv}
   (You bought it in a shop on level 11 of the Dungeon)

   Int:       It affects your intelligence (-3).
   rF:        It protects you from fire.
   SInv:      It lets you see invisible.
   Will:      It increases your willpower.
Armour
 N - a +2 hat (melded)
Jewellery
 c - a +4 ring of protection (on tentacle)
 m - the ring of the Cockroach (on tentacle) {rElec rF+ rCorr}
   (You bought it in a shop on level 1 of the Lair of Beasts)

   [ring of resist corrosion]

   rF:        It protects you from fire.
   rElec:     It insulates you from electricity.
   rCorr:     It protects you from acid and corrosion.
 B - a +5 ring of evasion
 C - a +6 ring of intelligence (on tentacle)
 D - a +6 ring of intelligence (right foreclaw)
 I - an amulet of reflection (around neck)
 O - a +4 ring of protection (on tentacle)
 P - a ring of see invisible
 Q - a ring of protection from cold (on tentacle)
 R - a ring of positive energy (left foreclaw)
 S - a ring of protection from cold (on tentacle)
 T - a ring of positive energy
 V - a ring of flight
 W - a ring of protection from fire
 X - a ring of poison resistance
 Y - a ring of resist corrosion
Wands
 h - a wand of roots (39)
 n - a wand of charming (34)
 r - a wand of digging (16)
 y - a wand of flame (84)
 U - a wand of polymorph (23)
Scrolls
 d - 2 scrolls of amnesia
 g - 21 scrolls of identify
 i - 12 scrolls of fog
 j - 14 scrolls of immolation
 k - 3 scrolls of blinking
 l - a scroll of torment
 o - 8 scrolls of fear
 q - 8 scrolls of enchant weapon
 s - 7 scrolls of magic mapping
 x - 8 scrolls of vulnerability
 A - a scroll of teleportation
 E - 4 scrolls of enchant armour
 L - 3 scrolls of silence
 Z - 4 scrolls of poison
Potions
 a - a potion of magic
 b - 4 potions of cancellation
 e - 7 potions of mutation
 f - 9 potions of might
 p - 7 potions of flight
 t - 6 potions of ambrosia
 u - 6 potions of lignification
 v - 8 potions of curing
 w - 2 potions of resistance
 z - 10 potions of attraction
 G - 4 potions of haste
 J - 6 potions of invisibility
 K - 3 potions of brilliance
 M - 4 potions of berserk rage


   Skills:
 - Level 19.2 Fighting
 - Level 19.3 Dodging
 - Level 2.6 Stealth
 + Level 15.2 Unarmed Combat
 - Level 14.3 Spellcasting
 - Level 3.0 Hexes
 - Level 15.9 Summonings
 - Level 4.0 Translocations
 - Level 15.0 Transmutations
 - Level 4.0 Air Magic


You had 6 spell levels left.
You knew the following spells:

 Your Spells              Type           Power      Damage    Failure   Level
a - Dragon Form           Tmut           46%        N/A       2%          7
b - Call Imp              Summ           100%       N/A       0%          2
c - Call Canine Familiar  Summ           94%        N/A       0%          3
d - Summon Guardian Gole  Hex/Summ       74%        N/A       1%          3
e - Summon Lightning Spi  Summ/Air       76%        N/A       1%          4
f - Summon Forest         Summ/Tloc      38%        N/A       1%          5
g - Summon Cactus Giant   Summ           47%        N/A       1%          6
h - Summon Mana Viper     Hex/Summ       74%        N/A       1%          5
i - Summon Hydra          Summ           47%        N/A       1%          7
j - Summon Small Mammal   Summ           100%       N/A       0%          1

Your spell library contained the following spells:

 Spells                   Type           Power      Damage    Failure   Level
 Wereblood                Tmut           92%        N/A       0%          2
 Foxfire                  Conj/Fire      100%       2x1d9     1%          1
 Kiss of Death            Conj/Necr      100%       2d13      1%          1
 Magic Dart               Conj           100%       1d8       1%          1
 Sandblast                Erth           50%        2d12      1%          1
 Shock                    Conj/Air       100%       1d9       1%          1
 Slow                     Hex            100%       N/A       1%          1
 Ensorcelled Hibernation  Hex/Ice        70%        N/A       1%          2
 Lesser Beckoning         Tloc           100%       N/A       1%          2
 Passwall                 Tmut/Erth      55%        N/A       1%          2
 Confusing Touch          Hex            46%        N/A       1%          3
 Gell's Gravitas          Tloc           52%        N/A       1%          3
 Ignite Poison            Fire/Tmut/Pois 56%        N/A       1%          3
 Portal Projectile        Hex/Tloc       98%        N/A       1%          3
 Spider Form              Tmut/Pois      67%        N/A       1%          3
 Teleport Other           Tloc           52%        N/A       1%          3
 Vhi's Electric Charge    Tloc/Air       100%       N/A       1%          3
 Alistair's Intoxication  Tmut/Pois      44%        N/A       1%          5
 Blade Hands              Tmut           46%        N/A       1%          5
 Searing Ray              Conj           50%        2d6       2%          2
 Sublimation of Blood     Necr           25%        N/A       2%          2
 Inner Flame              Hex/Fire       35%        N/A       2%          3
 Manifold Assault         Tloc           52%        N/A       3%          4
 Stone Arrow              Conj/Erth      50%        3d10      4%          3
 Vampiric Draining        Necr           25%        2d7       4%          3
 Cause Fear               Hex            23%        N/A       4%          4
 Anguish                  Hex/Necr       17%        N/A       9%          4
 Fulminant Prism          Conj/Hex       17%        3d10      9%          4
 Leda's Liquefaction      Hex/Erth       17%        N/A       9%          4
 Eringya's Noxious Bog    Tmut/Pois      33%        N/A       11%         6
 Dispel Undead            Necr           25%        3d12      16%         4
 Sticky Flame             Conj/Fire      25%        2d5       16%         4
 Arcjolt                  Conj/Air       19%        1d29      21%         5
 Borgnjor's Vile Clutch   Necr/Erth      12%        N/A       41%         5
 Fireball                 Conj/Fire      12%        3d7       41%         5
 Plasma Beam              Fire/Air       19%        2x1d34    73%         6
 Iron Shot                Conj/Erth      12%        9d3       94%         6
 Starburst                Conj/Fire      12%        6d5       94%         6
 Summon Horrible Things   Summ           47%        N/A       16%         8
 Malign Gateway           Summ/Tloc      38%        N/A       22%         7
 Haunt                    Necr/Summ      34%        N/A       45%         7
 Spellforged Servitor     Conj/Summ      34%        N/A       45%         7
 Dragon's Call            Summ           47%        N/A       94%         9
 Necromutation            Tmut/Necr      33%        N/A       99%         8
 Orb of Destruction       Conj           12%        9d7       100%        7
 Borgnjor's Revivificati  Necr           12%        N/A       100%        8
 Ignition                 Fire           12%        3d6       100%        8
 Infestation              Necr           12%        N/A       100%        8
 Lehudib's Crystal Spear  Conj/Erth      12%        10d4      100%        8
 Maxwell's Capacitive Co  Air            26%        ∞         100%        8
 Death's Door             Necr           12%        N/A       100%        9
 Animate Armour           Summ/Erth      Unusable   N/A       N/A         4
 Animate Dead             Necr           Unusable   N/A       N/A         4

Dungeon Overview and Level Annotations

Branches:
Dungeon (15/15)            Temple (1/1) D:6            Lair (5/5) D:8
  Swamp (4/4) Lair:3       Spider (4/4) Lair:3        Slime (0/5) Lair:5
    Orc (2/2) D:10            Elf (3/3) Orc:2        Vaults (4/5) D:14
  Crypt (0/3) Vaults:3     Depths (0/4) D:15         Bailey (visited)
Volcano (visited)          WizLab (visited)

Altars:
Ashenzari
Cheibriados
Dithmenos
Elyvilon
Fedhas
Gozag
Hepliaklqana
Kikubaaqudgha
Makhleb
Nemelex Xobeh
Okawaru
Qazlal
Ru
Sif Muna
Trog
Uskayaw
Vehumet
Wu Jian
Xom
Yredelemnul
Zin
The Shining One
Jiyva

Shops:
D:6 (   D:11 *   D:12 :   Orc:1 *   Orc:2 (*[*[*   Lair:1 :??(*:?:*=

Portals:
Trove: Elf:2 (give 4 potions of resistance)

Annotations:
Spider:3 3 runed translucent doors, Blavik's ghost, adept TrFi; Jufurghi's ghost, adept OpTm; Rudyous's ghost, adept DsFE; patfeehan111222's ghost, adept MiBe


Innate Abilities, Weirdness & Mutations

You are a fearsome dragon!
You have a powerful clawing attack.
Your giant scaled body is strong and resiliant, but less evasive.
You can breathe fire.
You are flying.
Your maximum health is greatly increased.
Your armour is entirely melded.
You are incapable of wielding weapons or throwing items.
You cannot wear most types of armour.
You are amphibious.
You can wear up to eight rings at the same time.
((Your skin changes colour to match your surroundings (Stealth+).))
((Your rubbery body absorbs attacks. (AC +1, EV +1)))
((You are camouflaged when in or above water. (Stealth+)))
((You have tentacles for arms and can constrict up to eight enemies at once.))
Your body sometimes deteriorates upon taking damage.
You are dopey. (Int -2)


Message History

The tentacled monstrosity tentacle-slaps you!
* * * LOW HITPOINT WARNING * * *
The tentacled monstrosity tentacle-slaps you but does no damage. x2
The tentacled monstrosity constricts you.
The tentacled monstrosity's grasp on you weakens, but your attempt to escape fails.
A root lunges up near the tentacled monstrosity.
A root smacks the titan from below!
The yaktaur captain is hit by a branch!
Your dryad calls out to the forest.
Vines fly forth from the trees!
A stone giant comes into view.
You block the titan's attack.
The tentacled monstrosity tentacle-slaps you but does no damage.
The tentacled monstrosity tentacle-slaps you.
* * * LOW HITPOINT WARNING * * *
The tentacled monstrosity tentacle-slaps you but does no damage.
The tentacled monstrosity constricts you!
* * * LOW HITPOINT WARNING * * *
Unknown command.
You escape the tentacled monstrosity's grasp.
You swap places.
A root smacks the redback from below!
The redback dies!
The tentacled monstrosity is hit by a branch!
A tree reaches out but misses the titan.
The forest calms down.
Your cactus giant hits the titan with a +0 giant spiked club!!
Your dryad draws upon the vitality of nature.
Your dryad is healed somewhat.
The titan is struck by your cactus giant's spines.
The titan hits your cactus giant!!!
Something closely misses your mana viper.
The redback is no longer distracted by gold.
Your mana viper bites the titan!
The titan's magic leaks into the air.
The tentacled monstrosity is struck by your cactus giant's spines.
The tentacled monstrosity dies!
You hear some strange, mumbled words.
A bolt of acid appears from out of thin air!
The bolt of acid hits your cactus giant!!
The bolt of acid hits you!!! You resist.
You die...
Your body crumbles into a pile of gold.

$
......p#......#.#$#
......##.....#.#.#.
...... #....#.#.#.
..... ♣#....##}#.
...♣##>#....# #.
#♣♣#.w.#....#
♣##.>....♣....#
##..w...♣.#
#....DR./$#
#..S♣C♣$:[♣
#..ccC$♣($.♣ $
#....O{♣[..♣
##....s#♣)/#
#w.$... ♣#♣ ♣#│....
#♣#..C ####.


You could see a titan (distracted, ally target, magic disrupted), a stone giant,
a yaktaur captain, a two-headed ogre shaped shifter, a redback, a friendly dryad
(summoned), a friendly mana viper (summoned), a friendly cactus giant (summoned)
and 3 friendly snaplasher vines.

Vanquished Creatures
  Mennas (Vaults:4)
  Saint Roka (Vaults:4)
  Nikola (Elf:3)
  2 tentacled monstrosities (Vaults:5)
  A deep elf master archer (Elf:3)
  4 deep elf blademasters
  A storm dragon (Vaults:4)
  A shadow dragon (Vaults:4)
  A tengu reaver (Vaults:4)
  3 deep elf elementalists (Elf:3)
  2 deep elf sorcerers
  A ghost moth (Spider:4)
  An ironbound preserver (Vaults:4)
  A very ugly thing (Vaults:5)
  A war gargoyle (Vaults:5)
  4 deep elf demonologists
  6 deep elf annihilators
  4 deep elf death magi (Elf:3)
  2 yaktaur captains (Vaults:5)
  A deep elf high priest (Elf:3)
  A hydra (Swamp:4)
  14 vault guards (Vaults:4)
  2 two-headed ogres (Volcano)
  12 dancing weapons
  8 deep elf knights
  A wretched star (Abyss:2)
  4 deep trolls (Vaults:4)
  A spriggan simulacrum (Abyss:2)
  2 phantasmal warriors
  A deep elf archer (Elf:2)
  2 ironbound convokers (Vaults:4)
  6 deep elf zephyrmancers
  An orc knight (Vaults:4)
  6 deep elf pyromancers
  A manticore (shapeshifter) (Vaults:4)
  A manticore (D:14)
  2 wolf spiders
  A worldbinder (Abyss:2)
  A moth of wrath (shapeshifter) (Vaults:4)
  A cane toad (Lair:5)
  A smoke demon (Abyss:2)
  A yaktaur (Vaults:2)
  A freezing wraith (Vaults:4)
  A troll (Vaults:4)
  A blink frog (Lair:5)
  A shadow (Abyss:2)
  A jumping spider (Spider:2)
  3 air elementals
  A water elemental (Elf:2)
  A basilisk (Lair:3)
  4 fire bats (Abyss:2)
  A yak (D:8)
  A fire elemental (Elf:3)
  A nameless horror (Vaults:2)
  An orc warrior (Vaults:4)
  A boggart (Vaults:2)
  An orc priest (Vaults:4)
  A river rat (Lair:3)
  A shadow imp (D:7)
  A white imp (Abyss:2)
  A worm (D:3)
  4 dart slugs
  3 orcs
  5 ball pythons
  4 bats (D:1)
  4 endoplasms
  3 giant cockroaches
  3 goblins
  3 hobgoblins
  2 quokkas
  4 frilled lizards
  3 kobolds
  5 rats
  A lurking horror (Abyss:2)
177 creatures vanquished.

Vanquished Creatures (collateral kills)
  Boris (Vaults:4)
  Frederick (Vaults:2)
  The ghost of Esoocrirph the Executioner, a veteran NaFi of Hepliaklqana (Vaults:1)
  Margery (Vaults:2)
  A tentacled monstrosity (Vaults:5)
  Mlioglotl (Swamp:4)
  An acid blob (Vaults:1)
  Asterion (Spider:2)
  3 sphinxes
  A thorn hunter (Swamp:4)
  A tentacled starspawn (WizLab)
  Kirke (Lair:4)
  Donald (Swamp:2)
  An azure jelly (Vaults:1)
  A rockslime (Vaults:1)
  2 nagarajas (WizLab)
  A frost giant (Vaults:4)
  A fenstrider witch (Swamp:3)
  3 emperor scorpions (Spider:4)
  2 fire giants
  8 deep elf sorcerers
  10 vault wardens
  A deep elf elementalist (Elf:3)
  3 ghost moths
  8 ironbound preservers
  2 war gargoyles
  6 broodmothers
  4 demonspawn corrupters (WizLab)
  A stone giant (Vaults:3)
  8 very ugly things
  4 ironbound thunderhulks
  6 eleionomae
  A deep elf demonologist (Elf:3)
  3 bunyips
  A red draconian (Volcano)
  A spark wasp (Spider:4)
  3 deep elf annihilators (Elf:3)
  15 dire elephants
  4 deep elf death magi
  2 ettins
  6 entropy weavers
  3 deep elf high priests (Elf:3)
  An entropy weaver (shapeshifter) (Elf:2)
  The ghost of Cuifiguc the Cleaver, a journeyman TrFi of Cheibriados (D:11)
  3 shambling mangroves
  17 hydras
  2 crystal guardians (Vaults:4)
  5 yaktaur captains
  6 great orbs of eyes
  19 vault guards
  A peacekeeper (Vaults:4)
  9 ironbound frosthearts
  A radroach (Spider:4)
  3 ghost crabs
  2 merfolk aquamancers (WizLab)
  An ogre mage (Vaults:3)
  4 catoblepae (Lair:5)
  2 centaur warriors (D:15)
  2 jorogumos
  4 boulder beetles
  A spriggan air mage (Swamp:4)
  10 alligators
  5 death yaks
  A deep troll earth mage (Vaults:5)
  4 two-headed ogres
  3 spriggan berserkers (Swamp:4)
  A tengu warrior (D:11)
  14 dancing weapons
  Urug (D:13)
  5 orc high priests
  18 deep elf knights
  2 hell knights (Vaults:2)
  Sonja (Lair:5)
  22 deep trolls
  4 pharaoh ants
  A sea snake (shapeshifter) (Vaults:2)
  7 goliath frogs
  14 swamp dragons
  4 sun moths
  A glowing orange brain (Vaults:4)
  6 orb spiders
  3 orc knights
  6 spriggan druids
  A phantasmal warrior (Vaults:3)
  2 steelbarb worms
  12 ironbound convokers
  11 lindwurms
  10 wizards
  15 deep elf archers
  5 bog bodies
  20 deep elf pyromancers
  2 oklob plants (Lair:5)
  4 necromancers
  23 deep elf zephyrmancers
  20 wolf spiders
  9 orc sorcerers
  2 manticores
  3 cyclopes
  3 will-o-the-wisps
  29 ugly things
  3 worldbinders (WizLab)
  2 elephants (Lair:3)
  2 moths of wrath (Spider:3)
  A moth of wrath (shapeshifter) (Vaults:4)
  2 molten gargoyles (Volcano)
  6 black mambas
  18 vault sentinels
  2 torpor snails (Spider:4)
  A water nymph (WizLab)
  6 demonic crawlers
  An eye of devastation (Vaults:1)
  6 cane toads
  An unseen horror (D:12)
  12 yaktaurs
  4 komodo dragons
  3 rime drakes
  A freezing wraith (Vaults:3)
  An efreet (D:15)
  The ghost of superbruh the Chopper, an amateur MiFi of Gozag (D:5)
  3 meliai (Spider:4)
  3 polar bears (Lair:4)
  A troll (shapeshifter) (Elf:1)
  5 trolls
  A wolf spider simulacrum (D:15)
  11 tyrant leeches
  A meliai (shapeshifter) (Elf:2)
  A tarantella (shapeshifter) (D:13)
  17 tarantellas
  Grinder (D:4)
  11 hornets
  Prince Ribbit (D:5)
  9 blink frogs
  16 slime creatures
  20 culicivoras
  An air elemental (Elf:1)
  9 spriggans
  A shadow (D:12)
  A vampire (D:9)
  21 jumping spiders
  3 wyverns
  A centaur simulacrum (D:14)
  2 fire bats (Volcano)
  2 fire elementals (Elf:1)
  5 wraiths
  37 yaks
  5 basilisks
  3 hogs (Lair:4)
  2 steam dragons
  55 redbacks
  4 vampire mosquitoes
  Menkaure (D:5)
  A redback simulacrum (D:15)
  3 wargs
  13 swamp worms
  11 water moccasins
  26 orc warriors
  4 swamp drakes
  2 black bears
  6 boggarts
  10 wolves
  10 ogres
  A centaur (D:9)
  3 phantoms (D:5)
  2 kobold brigands
  14 bullfrogs
  2 scorpions
  A necrophage (D:7)
  A gnoll sergeant (D:7)
  2 earth elementals
  Dowan (D:5)
  10 nameless horrors
  2 howler monkeys
  5 lava snakes (Volcano)
  3 hounds
  A human simulacrum (Vaults:1)
  2 jellies
  29 orc priests
  19 orc wizards
  4 sleepcaps
  An iguana (D:5)
  5 hell rats
  A hound skeleton (D:7)
  A mummy (D:9)
  Robin (D:4)
  10 gnolls
  3 adders
  8 river rats
  A shadow imp (D:5)
  5 white imps
  2 ufetubi (Abyss:2)
  A worm (D:5)
  80 orcs
  3 ball pythons (D:2)
  2 endoplasms
  5 goblins
  7 hobgoblins
  5 jackals
  8 kobolds
  6 quokkas
  2 bats
  2 frilled lizards
  5 rats
  A starspawn tentacle (WizLab)
1194 creatures vanquished.

Vanquished Creatures (others)
  2 orc warlords
  2 quicksilver oozes (Vaults:1)
  2 deep elf death magi (Elf:3)
  A vault guard (Bailey)
  3 hydras
  An ogre mage (Volcano)
  5 two-headed ogres
  6 death yaks
  A tengu warrior (D:11)
  The ghost of Zeldest the Martial Artist, a journeyman TeTm of Uskayaw (D:10)
  A skyshark (Lair:5)
  2 wizards (D:14)
  A swamp dragon (Swamp:3)
  2 orc knights
  A necromancer (D:14)
  A deep elf pyromancer (Elf:1)
  A will-o-the-wisp (Swamp:3)
  A shining eye (Vaults:1)
  2 wolf spiders
  2 cyclopes (D:11)
  8 ugly things
  2 manticores
  2 black mambas
  An elephant (Lair:3)
  A torpor snail (Lair:5)
  2 cane toads
  A freezing wraith (D:15)
  A komodo dragon (Lair:4)
  A tengu conjurer (D:11)
  A meliai (Lair:3)
  A hornet (Lair:2)
  A troll (D:14)
  A tyrant leech (Lair:3)
  4 slime creatures (D:13)
  20 yaks
  A water elemental (Elf:1)
  2 wyverns
  6 humans (Bailey)
  A vampire mosquito (D:14)
  2 wargs
  Edmund (D:4)
  2 swamp worms
  2 water moccasins (Lair:5)
  12 orc warriors
  Duvessa (D:5)
  2 ogres
  A centaur (D:7)
  Blork the orc (D:4)
  A gnoll sergeant (D:10)
  3 killer bees (Lair:3)
  5 orc priests
  Crazy Yiuf (D:2)
  Terence (D:3)
  2 orc wizards
  4 gnolls
  2 river rats
  6 orcs
  A goblin (D:7)
  2 hobgoblins (Bailey)
  A briar patch (Swamp:4)
  11 foxfires
  35 fungi
  99 plants
  53 snaplasher vines
  5 starspawn tentacles
351 creatures vanquished.

Grand Total: 1722 creatures vanquished

Notes
Turn   | Place    | Note
-------+----------+-------------------------------------------
     0 | D:1      | cforsyth the Octopode Summoner began the quest for the Orb.
     0 | D:1      | Reached XP level 1. HP: 11/11 MP: 3/3
   151 | D:1      | Reached XP level 2. HP: 17/17 MP: 3/5
   569 | D:1      | Reached XP level 3. HP: 21/21 MP: 3/6
  1074 | D:2      | Found a white marble altar of Elyvilon.
  1224 | D:1      | Learned a level 2 spell: Call Imp
  1228 | D:1      | Learned a level 3 spell: Call Canine Familiar
  1363 | D:2      | Found a faded altar of an unknown god.
  1515 | D:2      | Reached XP level 4. HP: 20/27 MP: 3/8
  1829 | D:2      | Found a runed translucent door.
  1830 | D:2      | Noticed Crazy Yiuf
  2166 | D:2      | Learned a level 3 spell: Summon Guardian Golem
  2175 | D:2      | Killed Crazy Yiuf
  2176 | D:2      | Reached skill level 5 in Summonings
  2477 | D:3      | Reached XP level 5. HP: 27/31 MP: 10/10
  3240 | D:3      | Found a sparkling altar of Nemelex Xobeh.
  3501 | D:3      | Noticed Terence
  3520 | D:3      | Killed Terence
  4068 | D:4      | You fall into a shaft and drop 3 floors!
  4134 | D:7      | Reached XP level 6. HP: 33/36 MP: 2/12
  4184 | D:7      | Found a flagged portal.
  4221 | Bailey   | Entered a bailey
  4509 | Bailey   | Reached skill level 5 in Spellcasting
  4509 | Bailey   | Reached XP level 7. HP: 40/41 MP: 7/14
  4514 | Bailey   | Learned a level 4 spell: Summon Lightning Spire
  4560 | Bailey   | Noticed a human
  4561 | Bailey   | Noticed a human
  4572 | Bailey   | Killed a human
  4573 | Bailey   | Reached skill level 1 in Hexes
  4573 | Bailey   | Reached skill level 1 in Air Magic
  4578 | Bailey   | Noticed a human
  4581 | Bailey   | Killed a human
  4582 | Bailey   | Noticed a human
  4582 | Bailey   | Noticed a human
  4588 | Bailey   | Killed a human
  4588 | Bailey   | Killed a human
  4589 | Bailey   | Reached XP level 8. HP: 46/46 MP: 0/16
  4796 | Bailey   | Reached XP level 9. HP: 21/51 MP: 9/18
  5002 | Bailey   | Noticed a vault guard
  5010 | Bailey   | Killed a vault guard
  5043 | Bailey   | Noticed a vault guard
  5056 | Bailey   | Killed a vault guard
  5389 | D:7      | Found a blossoming altar of Fedhas.
  5401 | D:6      | Found a staircase to the Ecumenical Temple.
  5408 | Temple   | Entered the Ecumenical Temple
  5463 | Temple   | Became a worshipper of Gozag Ym Sagoz the Greedy
  5511 | D:6      | Reached XP level 10. HP: 56/56 MP: 15/22
  5558 | D:5      | Entered Level 5 of the Dungeon
  5565 | D:5      | Reached skill level 10 in Summonings
  5646 | D:5      | Noticed Prince Ribbit
  5646 | D:5      | Noticed Menkaure
  5656 | D:5      | Killed Prince Ribbit
  5659 | D:5      | Killed Menkaure
  5846 | D:5      | Noticed Dowan
  5853 | D:5      | Killed Dowan
  6055 | D:4      | Noticed Edmund
  6075 | D:4      | Killed Edmund
  6237 | D:4      | Noticed Grinder
  6283 | D:4      | Killed Grinder
  6408 | D:4      | Noticed Blork the orc
  6419 | D:4      | Killed Blork the orc
  6557 | D:4      | Found a bloodstained altar of Trog.
  6661 | D:4      | Noticed Robin
  6668 | D:4      | Killed Robin
  7068 | D:5      | Noticed Duvessa
  7077 | D:5      | Killed Duvessa
  7389 | D:5      | Found a runed translucent door.
  7390 | D:5      | Noticed superbruh's ghost (amateur MiFi)
  7587 | D:5      | Found an ancient bone altar of Kikubaaqudgha.
  7674 | D:5      | Found a stormy altar of Qazlal.
  7773 | D:6      | Found a glowing silver altar of Zin.
  8032 | D:6      | Found Wuceivou's Firing Range.
  8159 | D:6      | Found a shimmering altar of Xom.
  8270 | D:6      | Noticed a two-headed ogre
  8278 | D:6      | Killed a two-headed ogre
  9369 | D:7      | Reached skill level 10 in Spellcasting
  9838 | D:7      | Found a burning altar of Makhleb.
 10376 | D:8      | Reached XP level 11. HP: 61/61 MP: 12/25
 10656 | D:8      | Found a staircase to the Lair.
 11425 | D:9      | Found a snail-covered altar of Cheibriados.
 11878 | D:10     | Entered Level 10 of the Dungeon
 12071 | D:10     | Found a staircase to the Orcish Mines.
 12321 | D:10     | Found a white marble altar of Elyvilon.
 12771 | D:10     | Noticed a two-headed ogre
 12777 | D:10     | Killed a two-headed ogre
 12994 | D:10     | Found a runed translucent door.
 12996 | D:10     | Noticed Zeldest's ghost (journeyman TeTm)
 12998 | D:10     | Noticed a wolf spider
 13055 | D:10     | Found a hide-covered altar of Uskayaw.
 13472 | D:9      | Found a hazy altar of Hepliaklqana.
 13472 | D:9      | Found a shimmering blue altar of Sif Muna.
 13541 | D:11     | Noticed a cyclops
 13555 | D:11     | Killed a cyclops
 13558 | D:11     | Noticed a cyclops
 13580 | D:11     | Killed a cyclops
 13857 | D:11     | Noticed a manticore
 13867 | D:11     | Killed a manticore
 14010 | D:11     | Found Yxoejip's General Store.
 14018 | D:11     | Bought the +0 dagger "Orb Guardian's Curse" {pain, rF+
                  | Will+ Int-3 SInv} for 405 gold pieces
 14050 | D:11     | Found a runed translucent gate.
 14060 | D:11     | Noticed a tengu warrior
 14071 | D:11     | Killed a tengu warrior
 14072 | D:11     | Reached XP level 12. HP: 26/66 MP: 9/28
 14076 | D:11     | Noticed a two-headed ogre
 14082 | D:11     | Killed a two-headed ogre
 14341 | D:11     | Noticed a five-headed hydra
 14341 | D:11     | Noticed a tengu warrior
 14357 | D:11     | Killed a tengu warrior
 14365 | D:11     | Killed a five-headed hydra
 14721 | D:11     | Identified the +6 ice dragon scales of Tomorrow {rF- rC++
                  | Str+2 Stlth+}
 14722 | D:11     | Found a runed translucent gate.
 14722 | D:11     | Noticed Cuifiguc's ghost (journeyman TrFi)
 14723 | D:11     | Found a runed translucent gate.
 14932 | D:11     | Killed Cuifiguc's ghost
 15411 | D:12     | Found Plog's Book Emporium.
 15419 | D:12     | Bought a Fen Folio for 462 gold pieces
 15425 | D:12     | Learned a level 5 spell: Summon Forest
 15998 | Lair:1   | Entered Level 1 of the Lair of Beasts
 16012 | Lair:1   | Reached skill level 1 in Translocations
 16102 | Lair:1   | Reached skill level 1 in Fighting
 16147 | Lair:1   | HP: 1/69 [poisoned by a black mamba]
 18083 | Lair:2   | Reached skill level 5 in Dodging
 18334 | Lair:2   | Found an opulent altar of Gozag.
 19133 | D:5      | Killed superbruh's ghost
 19134 | D:5      | Reached XP level 13. HP: 81/81 MP: 13/29
 19394 | D:10     | Reached skill level 5 in Fighting
 19403 | D:10     | Killed Zeldest's ghost
 20388 | Lair:3   | Found a hole to the Spider Nest.
 22044 | Lair:3   | Found a staircase to the Swamp.
 22192 | Lair:1   | Bought a potion of heal wounds for 50 gold pieces
 22491 | Lair:4   | Found a dark tunnel.
 22496 | Volcano  | Entered a volcano
 22731 | Volcano  | Found a radiant altar of Vehumet.
 22770 | Volcano  | Noticed a red draconian
 22841 | Volcano  | Killed a red draconian
 24063 | Lair:4   | Noticed Kirke
 24078 | Lair:4   | Killed Kirke
 24105 | Lair:4   | Reached XP level 14. HP: 97/97 MP: 14/30
 25380 | Lair:5   | Entered Level 5 of the Lair of Beasts
 25380 | Lair:5   | Noticed Sonja
 25423 | Lair:5   | Killed Sonja
 25433 | Lair:5   | Reached skill level 10 in Dodging
 26326 | Lair:5   | Reached skill level 10 in Fighting
 29939 | Lair:5   | Found a viscous altar of Jiyva.
 29940 | Lair:5   | Found a staircase to the Slime Pits.
 30442 | Orc:1    | Entered Level 1 of the Orcish Mines
 30575 | Orc:2    | Entered Level 2 of the Orcish Mines
 30575 | Orc:2    | Found Gonojil's Antique Weapon Boutique.
 30583 | Orc:2    | Found a staircase to the Elven Halls.
 30796 | Orc:2    | Learned a level 7 spell: Summon Hydra
 31175 | Orc:2    | Reached XP level 15. HP: 105/108 MP: 21/31
 31263 | Orc:2    | Gained mutation: You are dopey. (Int -2) [a neqoxec]
 31805 | Orc:1    | Noticed an orc warlord
 31836 | Orc:1    | Killed an orc warlord
 31995 | Orc:1    | Found Uder's Assorted Antiques.
 32912 | Orc:2    | Noticed an orc warlord
 32978 | Orc:2    | Killed an orc warlord
 33358 | Orc:2    | Found Zivuor's Antique Armour Boutique.
 33358 | Orc:2    | Found Mutuinidgh's Assorted Antiques.
 33359 | Orc:2    | Found Zeujappu's Assorted Antiques.
 33363 | Orc:2    | Found Palul's Antique Armour Shop.
 33565 | Orc:2    | Found Bemim's General Store.
 34035 | D:13     | Noticed Urug
 34053 | D:13     | Killed Urug
 35028 | D:14     | Reached skill level 15 in Summonings
 35392 | D:14     | Found a gate to the Vaults.
 36892 | D:15     | Entered Level 15 of the Dungeon
 37253 | D:14     | Noticed a fire giant
 37286 | D:14     | Killed a fire giant
 37656 | D:15     | Found a staircase to the Depths.
 37656 | D:15     | Noticed a fire giant
 37694 | D:15     | Killed a fire giant
 39341 | D:15     | Reached XP level 16. HP: 114/114 MP: 20/34
 39797 | Spider:1 | Entered Level 1 of the Spider Nest
 40755 | Spider:1 | You fall into a shaft and drop 1 floor!
 41381 | Spider:2 | Noticed Asterion
 41389 | Spider:2 | Killed Asterion
 46719 | Spider:3 | Found a runed translucent gate.
 46719 | Spider:3 | Found a runed translucent gate.
 46719 | Spider:3 | Found a runed translucent gate.
 46724 | Spider:3 | Noticed Jufurghi's ghost (adept OpTm)
 46724 | Spider:3 | Noticed Blavik's ghost (adept TrFi)
 46732 | Spider:3 | Noticed patfeehan111222's ghost (adept MiBe)
 46733 | Spider:3 | Noticed Rudyous's ghost (adept DsFE)
 47125 | Spider:4 | Entered Level 4 of the Spider Nest
 47909 | Spider:4 | Reached XP level 17. HP: 118/126 MP: 9/35
 49055 | Spider:4 | Reached skill level 15 in Dodging
 49351 | Spider:4 | Reached skill level 15 in Fighting
 50941 | Swamp:1  | Entered Level 1 of the Swamp
 52384 | Swamp:2  | Noticed Donald
 52392 | Swamp:2  | Killed Donald
 53751 | Swamp:2  | You fall into a shaft and drop 1 floor!
 55630 | Swamp:4  | Entered Level 4 of the Swamp
 55636 | Swamp:4  | Reached XP level 18. HP: 136/137 MP: 17/36
 56601 | Swamp:4  | Noticed Mlioglotl
 57574 | Swamp:4  | Killed Mlioglotl
 59052 | Swamp:4  | Got a decaying rune of Zot
 60019 | Vaults:1 | Entered Level 1 of the Vaults
 60102 | Vaults:1 | Found a flickering gateway to a bazaar.
 60225 | Bazaar   | Entered a bazaar
 60351 | Bazaar   | Found Kahegytuq's Armour Shoppe.
 60367 | Bazaar   | Found Ojoj's Magic Scroll Shoppe.
 60383 | Bazaar   | Found Pafaec's Antique Weapon Shoppe.
 60383 | Bazaar   | Found Ciunang's Magic Scroll Emporium.
 60429 | Bazaar   | Bought a scroll of blinking for 67 gold pieces
 61547 | Vaults:1 | Found a runed translucent gate.
 61547 | Vaults:1 | Found a runed translucent gate.
 61547 | Vaults:1 | Found a runed translucent gate.
 61547 | Vaults:1 | Noticed Esoocrirph's ghost (veteran NaFi)
 62559 | Vaults:1 | Reached XP level 19. HP: 146/146 MP: 14/37
 62999 | Vaults:1 | Found a viscous altar of Jiyva.
 63000 | Vaults:1 | Gained mutation: Your body sometimes deteriorates upon
                  | taking damage. [a shining eye]
 63468 | Vaults:1 | Identified the +5 leather armour "Cocuj" {Regen+ Int+3}
 64243 | Lair:1   | Bought a book of the Wilderness for 760 gold pieces
 64250 | Lair:1   | Learned a level 6 spell: Summon Cactus Giant
 64256 | Lair:1   | Learned a level 5 spell: Summon Mana Viper
 65474 | Vaults:1 | Killed Esoocrirph's ghost
 66197 | Vaults:2 | Found a magical portal.
 66204 | WizLab   | Entered Alistair's Party Mansion
 67674 | WizLab   | Identified a scroll of acquirement
 67694 | WizLab   | Acquired 824 gold pieces
 68295 | WizLab   | Noticed a golden dragon
 68296 | WizLab   | Noticed a golden dragon
 68563 | WizLab   | Identified the staff of conjuration "Bapt" {+Blink rC- MP-9
                  | SInv}
 68604 | WizLab   | Got the Precepts of Configuration
 68714 | Vaults:2 | Noticed Frederick
 68724 | Vaults:2 | Killed Frederick
 69528 | Vaults:2 | Reached skill level 1 in Transmutations
 69857 | Vaults:2 | Noticed Margery
 70034 | Vaults:2 | Killed Margery
 70541 | Vaults:2 | Reached skill level 5 in Transmutations
 70638 | Vaults:2 | Identified the +12 arbalest of Geacoo {heavy, +Blink}
 71864 | Vaults:2 | Reached XP level 20. HP: 140/156 MP: 18/38
 74003 | Vaults:3 | Reached skill level 10 in Transmutations
 74078 | Vaults:3 | Found a staircase to the Crypt.
 74606 | Vaults:4 | Noticed Saint Roka
 74618 | Vaults:4 | Noticed Boris
 74627 | Vaults:4 | Upgraded the game from 0.30-a0-1066-g63dfefce0d to
                  | 0.30-a0-1074-g5db6f66fbb
 76822 | Vaults:4 | Killed Boris
 77354 | Vaults:4 | Noticed Mennas
 77814 | Lair:1   | Bought the ring of the Cockroach {rElec rF+ rCorr} for 533
                  | gold pieces
 77923 | Elf:1    | Entered Level 1 of the Elven Halls
 77929 | Elf:1    | Paralysed by an air elemental for 1 turns
 79178 | Elf:1    | Reached XP level 21. HP: 138/162 MP: 10/39
 80170 | Elf:1    | Got the Writings on Traumaturgy and Command
 80823 | Elf:2    | Reached skill level 15 in Transmutations
 81007 | Lair:1   | Bought a book of the Dragon for 598 gold pieces
 81017 | Lair:1   | Learned a level 7 spell: Dragon Form
 81218 | Abyss:2  | Cast into level 2 of the Abyss (a deep elf sorcerer)
 81221 | Abyss:2  | Found a corrupted altar of Lugonu.
 81367 | Abyss:2  | Reached skill level 1 in Unarmed Combat
 81455 | Abyss:2  | Found a corrupted altar of Lugonu.
 81478 | Elf:2    | Escaped the Abyss
 81912 | Elf:2    | Paralysed by an air elemental for 1 turns
 81936 | Elf:2    | Reached skill level 5 in Unarmed Combat
 82543 | Elf:2    | Identified the +1 broad axe "Xeihantonut" {drain, rElec}
 82640 | Elf:2    | Found a portal to a secret trove of treasure.
 82650 | Elf:2    | Identified the +0 chain mail of Yredelemnul's Envy {Str+7
                  | Slay+2}
 82840 | Elf:2    | Found a runed translucent gate.
 82840 | Elf:2    | Found a runed translucent gate.
 82840 | Elf:2    | Found a runed translucent gate.
 84982 | Elf:3    | Entered Level 3 of the Elven Halls
 86224 | Elf:3    | Identified the +1 quarterstaff of the Ancient Mystics
                  | {drain, Fly rN+}
 86700 | Elf:3    | Reached skill level 10 in Unarmed Combat
 87509 | Elf:3    | Reached XP level 22. HP: 166/166 MP: 6/40
 88261 | Elf:3    | Noticed Nikola
 88280 | Elf:3    | Killed Nikola
 88753 | Elf:3    | Identified the +2 ring mail of the Sailor {+Inv Regen+
                  | Str-3 Int+3}
 88960 | Elf:3    | Identified the +9 flail "Gafeky" {distort, *Noise rElec
                  | Int+6}
 89214 | Elf:3    | Got the Enchiridion on Sciomancy and the Jinx
 89231 | Elf:3    | Got the Atlas of Galvanic Elsewhere
 89244 | Elf:3    | Identified the +5 sling of Calculation {flame, rF+ rN+
                  | Str-4 Int+3}
 89362 | Elf:3    | Identified the staff of earth "Murch" {rF+ Str+2 Dex+3}
 90376 | Vaults:4 | Killed Saint Roka
 91108 | Lair:1   | Bought a scroll of teleportation for 30 gold pieces
 91113 | Lair:1   | Bought a scroll of teleportation for 54 gold pieces
 91113 | Lair:1   | Bought a scroll of teleportation for 54 gold pieces
 91113 | Lair:1   | Bought a scroll of teleportation for 54 gold pieces
 91575 | Vaults:4 | Killed Mennas
 91974 | Vaults:5 | Entered Level 5 of the Vaults
 95029 | Vaults:5 | Reached skill level 15 in Unarmed Combat
 95041 | Vaults:5 | Identified the ring of the Unkillable {rPois Dex+2}
 95054 | Vaults:5 | Noticed an ancient lich
 95060 | Vaults:5 | Killed from afar by an ancient lich

Illustrated notes

Levels and vault maps discovered:
D:1:      shiori_arrival_maze, layout_loops_ring
D:2:      layout_loops_ring, shapermc_ecumenical_altar_pompeii, basic_altar,
          uniq_crazy_yiuf_cottage
D:3:      layout_loops_corners, mainiacjoe_overflow_alcove_4, uniq_terence
D:4:      layout_loops_ring, bloody_trog, minmay_splitting_lines,
          amcnicky_mini_rare_corridor_liquid, kennysheep_decorative_pillar,
          uniq_robin, uniq_grinder, uniq_blork_the_orc, uniq_edmund
D:5:      layout_basic, kennysheep_little_box, kennysheep_mini_moat,
          gammafunk_ghost_grave, serial_glass, glass_columns_a, glass_columns_a,
          glass_columns_a, glass_columns_b, glass_columns_a, glass_columns_a,
          glass_columns_b, glass_columns_a, minmay_starry_boxes,
          uniq_prince_ribbit1, uniq_menkaure, uniq_duvessa
D:6:      layout_cave_pods, lemuel_tele_altar, mainiacjoe_overflow_tiny_flanked,
          minmay_temple_entry_statues_pillars, hangedman_decor_push,
          nicolae_shop_firing_range
D:7:      layout_gridville, fedhas_altar_1, makhleb_blood_cavern_becter,
          enter_bailey_5, grunt_ministairs_2
D:8:      nicolae_cairo_tiling_large_dashed, layout_loops_ring
D:9:      layout_rooms, slow_altar_1, nicolae_overflow_hidden_temple
D:10:     layout_basic, mainiacjoe_overflow_catwalk, marbit_many_paths,
          david_orc_2, ebering_ghost_inner_flame
D:11:     kennysheep_big_flooded_room, layout_basic, biasface_ghost_orc_armoury,
          serial_shops, nicolae_diamond_shop, nrook_campfire
D:12:     layout_irregular_city, serial_shops, shop, kennysheep_boxes
D:13:     layout_loops_cross, uniq_urug
D:14:     minmay_diamond_stairs, layout_gridville, david_vaults_1,
          minmay_door_square
D:15:     grunt_enter_depths_giant_problem, layout_stronghold,
          nrook_pool_corridor
Temple:   chequers_temple_sunken
Lair:1:   layout_cave_pods, infiniplex_staircase_pool
Lair:2:   layout_regular_city, basic_altar, infiniplex_staircase_pool_2,
          serial_bayou_shore_b
Lair:3:   layout_loops_ring, palyth_hydra_swamp_entry,
          hellmonk_spider_entry_not_the_bees, kennysheep_rathole
Lair:4:   layout_hall_layers, nicolae_volcano_entry_s_turn,
          cheibrodos_lair_lostbears, uniq_kirke
Lair:5:   evilmike_catoblepas_cave, layout_gridlike,
          minmay_slime_entry_oklob_open, kennysheep_abandoned_house, uniq_sonja
Swamp:1:  layout_basic_swamp, nicolae_swamp_small_spring, swamp_pool1
Swamp:2:  layout_basic_swamp, evilmike_swamp_ruin_house_5, uniq_donald
Swamp:3:  layout_basic_swamp, evilmike_swamp_ruin_house_2
Swamp:4:  swamp_basic_johnstein, layout_basic_swamp, uniq_mlioglotl
Spider:1: layout_chambers
Spider:2: layout_spider_delve, uniq_asterion
Spider:3: layout_spider_delve, gammafunk_ghost_cemetery
Spider:4: guppyfry_spider_rune
Orc:1:    layout_diamond_mine, serial_shops, nicolae_shop_statue_plus,
          minmay_orc_temple_a
Orc:2:    st_orc_mages, layout_diamond_mine, serial_shops, shop,
          nicolae_lakefront_shop
Elf:1:    nicolae_elf_arrival_no_cutting_in_line, layout_geoelf_grid,
          minmay_elf_sorcery
Elf:2:    elven_hall_of_blades_hangedman_original [mumra_blade_entry_bloodbath],
          layout_geoelf_diagonals, nicolae_trove_entry_free_sample,
          hellmonk_bongcloud_opening
Elf:3:    minmay_elf_hall_four_x, layout_rooms, uniq_nikola
Vaults:1: gammafunk_ghost_ooze, v_misc_28, vaults_mumra_minichess_inversion,
          hangedman_vaults_capsules, v_misc_14, v_misc_14,
          nicolae_vaults_little_squares_6, serial_ice_h, layout_vaults_omnigrid,
          serial_shops, freezing_bzr
Vaults:2: infiniplex_enter_wizlab_glasses, v_misc_2, v_alt_pattern_4, v_misc_22,
          nicolae_vaults_quartermaster, hangedman_vaults_restitches,
          nicolae_vaults_little_squares_1, nicolae_vaults_yaktaur_gun_rack,
          nicolae_vaults_asterisk, ontoclasm_vaults_loading_screen,
          ontoclasm_vaults_eye, v_pattern_5, layout_vaults_omnibox,
          uniq_frederick, uniq_margery
Vaults:3: hangedman_vaults_maws, nicolae_vaults_what_the_h,
          nicolae_vaults_rhombus_6, nicolae_vaults_network_square,
          minmay_crypt_entry_simple_statues, vaults_room_boxed,
          vaults_room_fours, v_misc_12, nicolae_vaults_theta,
          vaults_mumra_chevron, nicolae_vaults_little_squares_3,
          vaults_room_fancy_cross, vaults_room_ringed_pool,
          vaults_dpeg_encased_lava, layout_vaults_ring
Vaults:4: nicolae_vaults_little_squares_1, grunt_vaults_hallway_long,
          hangedman_vaults_snaps, nicolae_vaults_alarming, vaults_dpeg_doors,
          nicolae_vaults_asterisk, v_alt_pattern_2, v_pattern_3,
          nicolae_vaults_circle_grid_b, ontoclasm_vaults_shuriken,
          nicolae_vaults_diagonal_hallway_6, vaults_dpeg_hooks,
          layout_vaults_chaotic_city, uniq_mennas, uniq_saint_roka, uniq_boris
Vaults:5: serial_shops

Skill      XL: |  1  2  3  4  5  6  7  8  9 10 11 12 13 14 15 16 17 18 19 20 21 22 |
---------------+-------------------------------------------------------------------+-----
Spellcasting   | 3 4 5 6 8 10 12 14 | 14.3
Summonings     | 5 6 7 8 9 11 13 14 15 | 15.9
Hexes          | 2 3 |  3.0
Air Magic      | 2 4 |  4.0
Translocations | 4 |  4.0
Fighting       | 4 9 12 14 16 18 19 | 19.2
Dodging        | 5 9 12 14 16 18 19 | 19.3
Transmutations | 6 13 15 | 15.0
Unarmed Combat | 11 15 | 15.2
Stealth        | |  2.6

Action                     |  1- 3 |  4- 6 |  7- 9 | 10-12 | 13-15 | 16-18 | 19-21 | 22-24 || total
---------------------------+-------+-------+-------+-------+-------+-------+-------+-------++-------
  Melee: Unarmed           |    74 |    45 |     6 |    13 |       |       |   129 |   171 ||   438
         Constrict         |    23 |    16 |     2 |    14 |    10 |    24 |    21 |       ||   110
         Tentacles         |    22 |    12 |     3 |    10 |    14 |    48 |    36 |       ||   145
         Punch             |     1 |     1 |       |     1 |     1 |     5 |     5 |    20 ||    34
         Dagger            |       |       |       |    23 |    37 |   125 |    79 |       ||   264
         Tailslap          |       |       |       |       |       |       |    21 |    33 ||    54
         Bite              |       |       |       |       |       |       |    17 |    28 ||    45
   Cast: Summon Small Mamm |    48 |     8 |     4 |    97 |   121 |     8 |       |       ||   286
         Call Imp          |     3 |    19 |     7 |    70 |   112 |     6 |     1 |       ||   218
         Call Canine Famil |     1 |    18 |     9 |    70 |   125 |    15 |     6 |     2 ||   246
         Summon Guardian G |       |     4 |     9 |    53 |   169 |    19 |     2 |       ||   256
         Summon Lightning  |       |       |     3 |    61 |   128 |    17 |     2 |       ||   211
         Summon Forest     |       |       |       |     2 |    51 |   116 |    65 |     8 ||   242
         Summon Hydra      |       |       |       |       |     1 |   339 |   193 |    24 ||   557
         Summon Cactus Gia |       |       |       |       |       |       |   185 |    21 ||   206
         Summon Mana Viper |       |       |       |       |       |       |   106 |    27 ||   133
         Dragon Form       |       |       |       |       |       |       |    44 |    38 ||    82
 Invoke: Call Merchant     |       |       |       |     1 |     3 |     4 |     2 |       ||    10
Ability: Breathe Fire      |       |       |       |       |       |       |     4 |     1 ||     5
  Evoke: Wand              |       |       |       |     2 |     5 |     8 |     4 |       ||    19
    Use: Scroll            |       |     5 |       |    15 |    12 |    13 |     9 |     9 ||    63
         Potion            |       |       |       |     3 |     3 |     5 |     6 |     9 ||    26
   Stab: Sleeping          |     5 |     5 |       |       |     1 |       |       |       ||    11
         Distracted        |     1 |       |       |       |     1 |     7 |     5 |     1 ||    15
 Armour: Skin              |    11 |     2 |       |     2 |    28 |    92 |   110 |   156 ||   401
  Dodge: Dodged            |    53 |    38 |     5 |    62 |   258 |   597 |   462 |   213 ||  1688
  Block: Other             |       |       |       |       |       |       |    18 |    64 ||    82
         Reflection        |       |       |       |       |       |       |     4 |     1 ||     5

Table legend: (Time is in decaauts)
 A = Elapsed time spent in this place.
 B = Non-inter-level travel time spent in this place.
 C = Inter-level travel time spent in this place.
 D = Time resting spent in this place.
 E = Time spent auto-exploring this place.
 F = Levels seen in this place.
 G = Mean time per level.
                   A        B        C        D        E       F      G
               +--------+--------+--------+--------+--------+-----+--------+
         Total |  95128 |  88514 |   6614 |  22820 |  48777 |  44 | 2162.0 |
       Dungeon |  23351 |  20392 |   2959 |   3865 |  13269 |  15 | 1556.7 |
        Temple |     81 |     55 |     26 |      0 |     42 |   1 |   81.0 |
          Lair |  14515 |  12980 |   1535 |   4655 |   5901 |   5 | 2903.0 |
         Swamp |   7925 |   7717 |    208 |   1965 |   4622 |   4 | 1981.2 |
   Spider Nest |  10605 |  10256 |    349 |   2865 |   5860 |   4 | 2651.2 |
  Orcish Mines |   3867 |   3659 |    208 |    824 |   2169 |   2 | 1933.5 |
   Elven Halls |  11038 |  10352 |    686 |   2201 |   6072 |   3 | 3679.3 |
        Vaults |  18675 |  18035 |    640 |   4986 |   9015 |   5 | 3735.0 |
         Abyss |    259 |    259 |      0 |      0 |    117 |   1 |  259.0 |
        Bazaar |    279 |    279 |      0 |      0 |    176 |   1 |  279.0 |
        Bailey |   1144 |   1144 |      0 |    789 |    105 |   1 | 1144.0 |
       Volcano |    919 |    919 |      0 |    293 |     14 |   1 |  919.0 |
        Wizlab |   2462 |   2462 |      0 |    377 |   1415 |   1 | 2462.0 |
               +--------+--------+--------+--------+--------+-----+--------+

Top non-repeatable levels by time:
Vaults:4: 6341 daAuts
Vaults:1: 5549 daAuts
   Elf:2: 4237 daAuts
  Lair:4: 4133 daAuts
Vaults:3: 3550 daAuts
   Elf:3: 3491 daAuts
  Lair:3: 3476 daAuts
Spider:4: 3380 daAuts
   Elf:1: 3309 daAuts
Vaults:2: 3145 daAuts
 Swamp:4: 3090 daAuts
    D:14: 2993 daAuts
Spider:2: 2952 daAuts
  Lair:5: 2910 daAuts
   Orc:2: 2903 daAuts
